 Dungeon Crawl Stone Soup version 0.30-a0-715-gdb4ae3ece1 (webtiles) character file.

Game seed: 710508418668879147

301 M4edhros the Insei (level 6, -5/38 HPs)
             Began as an Octopode Artificer on Jan 23, 2023.
             Was an Initiate of Cheibriados.
             Killed from afar by Sigmund (7 damage)
             ... with a magic dart
             ... on level 3 of the Dungeon.
             The game lasted 00:04:23 (2559 turns).

M4edhros the Insei (Octopode Artificer)             Turns: 2559, Time: 00:04:24

Health: -5/38      AC:  3    Str: 11 (12) XL:     6   Next: 37%
Magic:  5/5        EV: 11    Int: 13 (15) God:    Cheibriados [......]
Gold:   160        SH: 13    Dex: 12 (15) Spells: 5/5 levels left

rFire   . . .      SeeInvis .      - Unarmed
rCold   . . .      Faith    .    q - +0 kite shield
rNeg    . . .      Spirit   .    u - +2 hat
rPois   .          Reflect  +    j - amulet of reflection
rElec   .          Harm     .    (no ring)
rCorr   .          Rampage  .    (no ring)
Will    .....                    (no ring)
Stlth   +++                      (no ring)
HPRegen 0.26/turn                (no ring)
MPRegen 0.09/turn                (no ring)
                                 (no ring)
                                 (no ring)

@: mighty, attractive, flying, unable to read, very slow
A: almost no armour, amphibious, 8 rings, camouflage 1, gelatinous body 1,
(nimble swimmer 1), tentacles, low MP 1, inability to read after injury 1
a: Renounce Religion


You were on level 3 of the Dungeon.
You worshipped Cheibriados.
Cheibriados was noncommittal.
You visited 2 branches of the dungeon, and saw 6 of its levels.

You collected 160 gold pieces.

Inventory:

Armour
 q - a +0 kite shield (worn)
 u - a +2 hat (worn)
Jewellery
 f - an amulet of magic regeneration
 j - an amulet of reflection (around mantle)
 o - a ring of resist corrosion
Wands
 b - a wand of flame (8) (quivered)
 c - a wand of charming (8)
 d - a wand of iceblast (10)
Scrolls
 e - a scroll of amnesia {unknown}
 g - 7 scrolls of identify {unknown}
 i - a scroll of blinking {unknown}
 k - 2 scrolls of teleportation {unknown}
 p - 2 scrolls of vulnerability {unknown}
 r - a scroll of enchant armour {unknown}
 s - a scroll of poison {unknown}
 t - a scroll of brand weapon {unknown}
 w - a scroll of fear {unknown}
Potions
 a - a potion of attraction
 v - a potion of lignification {unknown}
 x - a potion of cancellation {unknown}


   Skills:
 - Level 1.0 Fighting
 - Level 2.3 Dodging
 - Level 1.3 Stealth
 * Level 3.6 Shields
 + Level 4.6 Unarmed Combat
 - Level 3.2 Evocations


You had 5 spell levels left.
You didn't know any spells.
Your spell library contained the following spells:

 Spells                   Type           Power      Damage    Failure   Level
 Freeze                   Ice            0%         1d3       67%         1
 Frozen Ramparts          Ice            0%         1d1       95%         3
 Hailstorm                Conj/Ice       0%         3d3       95%         3


Dungeon Overview and Level Annotations

Branches:
Dungeon (5/15)             Temple (1/1) D:5

Altars:
Ashenzari
Cheibriados
Dithmenos
Hepliaklqana
Makhleb
Okawaru
Qazlal
Sif Muna
Trog
Vehumet
Wu Jian
The Shining One

Annotations:
D:3 Sigmund


Innate Abilities, Weirdness & Mutations

You cannot wear most types of armour.
You are amphibious.
You can wear up to eight rings at the same time.
Your skin changes colour to match your surroundings (Stealth+).
Your rubbery body absorbs attacks. (AC +1, EV +1)
((You are camouflaged when in or above water. (Stealth+)))
You have tentacles for arms and can constrict up to eight enemies at once.
Your magical capacity is low. (-10% MP)
You occasionally lose the ability to read scrolls when taking damage.


Message History

You tentacle-slap Sigmund but do no damage.
You grab Sigmund.
You constrict Sigmund, but do no damage.
Sigmund points at you and mumbles some strange words.
You are confused.
You release your grip on Sigmund.
Sigmund mumbles some strange words.
Sigmund flickers and vanishes!
Deactivating autopickup; reactivate with Ctrl-A.
Something hits you.
You're too confused to move!
Something hits you.
You barely miss something. Your squeeze misses something.
You hear some strange, mumbled words.
Something tries to affect you, but you resist.
It was a potion of attraction.
You feel attractive to monsters. Something hits you.
It was a potion of degeneration.
There was something very wrong with that liquid.
You feel weakened.
You feel dopey.
You feel clumsy.
It was a potion of flight.
You feel very buoyant.
You fly up into the air.
You feel less confused. Something hits you.
* * * LOW HITPOINT WARNING * * *
It was a potion of mutation.
You feel extremely strange.
You occasionally lose the ability to read scrolls when taking damage.
You feel less energetic. You block something's attack.
It was a potion of might.
You feel very mighty all of a sudden.
You closely miss something. Your squeeze misses something. Something hits you!
You feel threatened and lose the ability to read scrolls!
* * * LOW HITPOINT WARNING * * *
You bludgeon something! Your squeeze misses something.
You hear some strange, mumbled words.
A magic dart appears from out of thin air!
The magic dart hits you!
You die...

<....#######..###.######.........
..........................>......
.....#########....##########.....
...................## #.....
###..#...........#..# ######
##...#.......#....######
#.....#...#.........<.#
#.......#...{....####.#
#.......#....@..#####.#
##.....#...#....)......#
#....#.......#..........
###..#...........#).....##
........................#
##################......#
#......# ###......## ##.......<.#


There were no monsters in sight!

Vanquished Creatures
  A phantom (D:5)
  A jelly (D:4)
  Jessica (D:3)
  Terence (D:4)
  Ijyb (D:3)
  2 gnolls (D:3)
  4 adders
  2 worms
  10 orcs
  2 bats
  2 endoplasms (D:4)
  5 giant cockroaches
  3 goblins
  2 hobgoblins
  A jackal (D:3)
  5 kobolds
  7 ball pythons
  2 frilled lizards (D:2)
  6 rats
58 creatures vanquished.

Vanquished Creatures (collateral kills)
  3 orcs (D:4)
  A kobold (D:4)
4 creatures vanquished.

Vanquished Creatures (others)
  A black bear (D:3)
  A gnoll (D:3)
2 creatures vanquished.

Grand Total: 64 creatures vanquished

Notes
Turn   | Place    | Note
-------+----------+-------------------------------------------
     0 | D:1      | M4edhros the Octopode Artificer began the quest for the
                  | Orb.
     0 | D:1      | Reached XP level 1. HP: 13/13 MP: 1/1
   131 | D:1      | Reached skill level 1 in Unarmed Combat
   205 | D:1      | Reached XP level 2. HP: 18/18 MP: 2/2
   306 | D:2      | Reached skill level 2 in Unarmed Combat
   309 | D:2      | Reached XP level 3. HP: 12/23 MP: 3/3
   824 | D:3      | Reached skill level 3 in Unarmed Combat
   928 | D:3      | Noticed Terence
   931 | D:3      | Noticed Sigmund
  1091 | D:4      | Reached XP level 4. HP: 11/28 MP: 4/4
  1813 | D:4      | Found a shadowy altar of Dithmenos.
  1872 | D:5      | Entered Level 5 of the Dungeon
  1881 | D:5      | Reached skill level 1 in Shields
  1970 | D:5      | Found a staircase to the Ecumenical Temple.
  1971 | D:5      | Noticed a phantom
  1979 | D:5      | Killed a phantom
  1980 | D:5      | Reached skill level 4 in Unarmed Combat
  1980 | D:5      | Reached XP level 5. HP: 33/33 MP: 5/5
  1985 | Temple   | Entered the Ecumenical Temple
  1990 | Temple   | Became a worshipper of Cheibriados the Contemplative
  2017 | D:5      | Identified the +2 robe of Dramatic Exits {Harm rN+ Str+2
                  | Dex-4}
  2081 | D:4      | Killed Terence
  2160 | D:3      | Noticed Ijyb
  2185 | D:3      | Killed Ijyb
  2186 | D:3      | Reached XP level 6. HP: 6/38 MP: 6/6
  2328 | D:3      | Noticed a black bear
  2337 | D:3      | Noticed Jessica
  2346 | D:3      | Killed Jessica
  2556 | D:3      | Gained mutation: You occasionally lose the ability to read
                  | scrolls when taking damage. [potion of mutation]
  2556 | D:3      | Gained mutation: Your magical capacity is low. (-10% MP)
                  | [potion of mutation]
  2559 | D:3      | Killed from afar by Sigmund

Illustrated notes

Levels and vault maps discovered:
D:1:      sevenhm_arrival_forest_fort_large_4, layout_basic,
          serial_bayou_lagoon_a, minmay_misc_feat_x
D:2:      layout_basic, nicolae_ecumenical_snake_handling
D:3:      layout_rooms, minmay_misc_feat_more_columns, serial_bayou_pond_b,
          uniq_terence, uniq_sigmund, uniq_ijyb, uniq_jessica
D:4:      layout_basic, mainiacjoe_overflow_alcove_1,
          chequers_serial_rivers_small_b, minmay_box_of_dots
D:5:      layout_basic, zin_treasury, lemuel_crystal_altar,
          nicolae_kikubaaqudgha_miasma_corner, minmay_temple_entry_ruins,
          dilly_guarded_unrand_morg
Temple:   minmay_freezing_vapour_temple

Skill      XL: |  1  2  3  4  5 |
---------------+----------------+-----
Unarmed Combat | 1 2 3 4 |  4.6
Shields        | 2 3 |  3.6
Fighting       | |  1.0
Dodging        | |  2.3
Stealth        | |  1.3
Evocations     | |  3.2

Action                     |  1- 3 |  4- 6 || total
---------------------------+-------+-------++-------
  Melee: Unarmed           |    66 |    63 ||   129
         Tentacles         |    18 |    14 ||    32
         Constrict         |    18 |    18 ||    36
         Punch             |       |     1 ||     1
  Evoke: Wand              |     1 |    13 ||    14
    Use: Potion            |       |     7 ||     7
   Stab: Sleeping          |     4 |     5 ||     9
 Armour: Skin              |     1 |     3 ||     4
  Dodge: Dodged            |    41 |    15 ||    56
  Block: Other             |     5 |       ||     5
         Kite shield       |       |    35 ||    35
         Reflection        |       |     1 ||     1

Table legend: (Time is in decaauts)
 A = Elapsed time spent in this place.
 B = Non-inter-level travel time spent in this place.
 C = Inter-level travel time spent in this place.
 D = Time resting spent in this place.
 E = Time spent auto-exploring this place.
 F = Levels seen in this place.
 G = Mean time per level.
                   A        B        C        D        E       F      G
               +--------+--------+--------+--------+--------+-----+--------+
         Total |   2659 |   2467 |    192 |      7 |   1898 |   6 |  443.2 |
       Dungeon |   2648 |   2462 |    186 |      7 |   1898 |   5 |  529.6 |
        Temple |     11 |      5 |      6 |      0 |      0 |   1 |   11.0 |
               +--------+--------+--------+--------+--------+-----+--------+

Top non-repeatable levels by time:
     D:4: 1019 daAuts
     D:3: 675 daAuts
     D:2: 515 daAuts
     D:1: 293 daAuts
     D:5: 144 daAuts
  Temple: 11 daAuts
